 Dungeon Crawl Stone Soup version 0.20.1-1-g8b1a95d (webtiles) character file.

25 Mimshu the Sneak (level 2, -2/13 HPs)
             Began as a Spriggan Enchanter on Nov 30, 2017.
             Slain by a hobgoblin (5 damage)
             ... on level 1 of the Dungeon.
             The game lasted 00:04:09 (1340 turns).

Mimshu the Sneak (Spriggan Enchanter)               Turns: 1340, Time: 00:04:10

Health: -2/13      AC:  2    Str:  4    XL:     2   Next: 82%
Magic:  6/6        EV: 18    Int: 16    God:
Gold:   33         SH:  0    Dex: 16    Spells: 5/6 levels left

rFire    . . .     SeeInvis +   a - +3 dagger
rCold    . . .     Gourm    .   (shield restricted)
rNeg     . . .     Faith    .   b - +0 robe
rPois    .         Spirit   .   (helmet restricted)
rElec    .         Reflect  .   (no cloak)
rCorr    .         Harm     .   (gloves unavailable)
MR       .....                  (boots unavailable)
Stlth    +++.......             (no amulet)
Regen    0.1/turn               (no ring)
MPRegen  0.1/turn               (no ring)

@: very quick
A: unfitting armour, see invisible, herbivore 3, speed 3, slow metabolism 2
a: no special abilities


You were on level 1 of the Dungeon.
You were not hungry.

You visited 1 branch of the dungeon, and saw 1 of its levels.

You collected 33 gold pieces.

Inventory:

Hand Weapons
 a - a +3 dagger (weapon)
Armour
 b - a +0 robe (worn)
Jewellery
 g - an uncursed ring of see invisible {unknown}
Scrolls
 f - a scroll of fear {unknown}
Potions
 e - a potion of haste {unknown}
 h - a potion of magic {unknown}
Books
 c - a book of Maledictions

   Spells                             Type                      Level
   a - Corona                         Hexes                        1
   b - Ensorcelled Hibernation        Hexes/Ice                    2
   c - Confuse                        Hexes                        3
   d - Tukima's Dance                 Hexes                        3
   e - Dazzling Spray                 Conjuration/Hexes            3
Comestibles
 d - a bread ration


   Skills:
 + Level 0.2 Fighting
 + Level 1.2 Short Blades
 + Level 3.2 Dodging
 + Level 5.0 Stealth
 + Level 2.9 Spellcasting
 + Level 4.1 Hexes


You had 5 spell levels left.
You knew the following spells:

 Your Spells              Type           Power        Failure   Level  Hunger
a - Corona                Hex            ###....      3%          1    #......


Dungeon Overview and Level Annotations

Branches:
Dungeon (1/15)

Altars:


Innate Abilities, Weirdness & Mutations

You are very small and have problems with some larger weapons.
You are too small for most types of armour.
You have supernaturally acute eyesight. (SInv)
You are a herbivore.
You cover ground extremely quickly.
You need consume almost no food.


Message History

You barely miss the hobgoblin.
The hobgoblin is severely wounded.
The hobgoblin hits you.
* * * LOW HITPOINT WARNING * * *
You hit the hobgoblin but do no damage.
The hobgoblin is severely wounded.
The hobgoblin closely misses you.
You barely miss the hobgoblin.
The hobgoblin is severely wounded.
The hobgoblin misses you.
You hit the hobgoblin but do no damage.
The hobgoblin is severely wounded.
The hobgoblin completely misses you.
You hit the hobgoblin.
The hobgoblin is almost dead.
The hobgoblin barely misses you.
You barely miss the hobgoblin.
The hobgoblin is almost dead.
The hobgoblin hits you.
You die...

##.#..#.......######.###.......#
............#........# #.......#
##..(#...##.####(>..####.......#
.#####...##....................#
..## ##(.#######....############
(..# ##.)................. ...#
#.......###(...####.. ...#
#.......# #)...# ...# #.......#
#@...# ..## #.......# #g(..# .##
#.......# #.####### ##
#.......###(....... ..
#...(...##...###### ..
#.......##(........ ..
.............#.### ..
.#####...รท.#..... ..
#.g...#.#....


You could see a hobgoblin.

Vanquished Creatures
  An ooze (D:1)
  A worm (D:1)
  A dart slug (D:1)
  A giant cockroach (D:1)
  A hobgoblin (D:1)
  2 bats (D:1)
  2 frilled lizards (D:1)
  2 goblins (D:1)
  3 kobolds (D:1)
  3 rats (D:1)
17 creatures vanquished.

Notes
Turn   | Place    | Note
-------+----------+-------------------------------------------
     0 | D:1      | Mimshu the Spriggan Enchanter began the quest for the Orb.
     0 | D:1      | Reached XP level 1. HP: 9/9 MP: 5/5
   445 | D:1      | Reached XP level 2. HP: 10/13 MP: 6/6
  1322 | D:1      | Reached skill level 5 in Stealth
  1340 | D:1      | Slain by a hobgoblin

Skill      XL: |  1  2 |
---------------+-------+-----
Hexes          | 4 |  4.1
Stealth        | 5 |  5.0
Fighting       | |  0.2
Short Blades   | |  1.2
Dodging        | |  3.2
Spellcasting   | |  2.9

Action                   || total
-------------------------++-------
Melee: Dagger            ||    97
 Cast: Corona            ||     5
  Use: Scroll            ||     2
 Stab: Sleeping          ||     2
       Distracted        ||     1
Armor: Robe              ||     7
Dodge: Dodged            ||    81
